 Dungeon Crawl Stone Soup version 0.24.0-35-gdb84b6a5db (webtiles) character file.

Game seed: 4928466423767154238, levelgen mode: deterministic

392 lepoulpe303 the Slasher (level 7, 0/72 HPs)
             Began as a Halfling Berserker on Nov 19, 2019.
             Was a Believer of Trog.
             Slain by an iguana (5 damage)
             ... on level 3 of the Dungeon.
             The game lasted 00:10:10 (3506 turns).

lepoulpe303 the Slasher (Halfling Berserker)        Turns: 3506, Time: 00:10:11

Health: 0/72       AC:  8    Str: 25    XL:     7   Next: 8%
Magic:  7/7        EV: 13    Int:  5    God:    Trog [**....]
Gold:   110        SH:  4    Dex: 14    Spells: 6/6 levels left

rFire    . . .     SeeInvis .   a - +0 falchion
rCold    . . .     Gourm    .   u - +0 buckler
rNeg     + . .     Faith    .   y - +0 scale mail
rPois    .         Spirit   .   (no helmet)
rElec    .         Reflect  .   h - +0 cloak
rCorr    .         Harm     .   (no gloves)
MR       .....                  (no boots)
Stlth    ..........             f - amulet of the acrobat
HPRegen  0.22/turn              N - ring of positive energy {rN+}
MPRegen  0.10/turn              (no ring)

@: berserking, very quick
A: small, mutation resistance 1
a: Berserk, Trog's Hand, Renounce Religion


You were on level 3 of the Dungeon.
You worshipped Trog.
Trog was pleased with you.
You were very hungry.

You visited 1 branch of the dungeon, and saw 4 of its levels.

You collected 110 gold pieces.

Inventory:

Hand Weapons
 a - a +0 falchion (weapon)
 b - a +0 hunting sling
Missiles
 i - 14 sling bullets
 n - 30 poisoned darts
 o - 4 datura-tipped darts (quivered)
 Q - 136 stones
Armour
 c - a +0 ring mail
 h - a +0 cloak (worn)
 u - a +0 buckler (worn)
 y - a +0 scale mail (worn)
Jewellery
 f - an amulet of the acrobat (around neck)
 q - an uncursed amulet of magic regeneration
 s - an uncursed ring of stealth {unknown}
 N - a ring of positive energy (left hand) {rN+}
Wands
 r - a wand of flame (13)
Scrolls
 d - 2 scrolls of amnesia {unknown}
 g - a scroll of enchant weapon {unknown}
 l - 2 scrolls of teleportation {unknown}
 x - a scroll of immolation {unknown}
 A - 2 scrolls of remove curse {unknown}
Potions
 j - 6 potions of curing {unknown}
 k - a potion of brilliance {unknown}
 m - 2 potions of agility {unknown}
 p - 2 potions of invisibility
 t - a potion of lignification {unknown}
 v - 2 potions of berserk rage {unknown}
 z - a potion of degeneration {unknown}
Comestibles
 e - 9 rations


   Skills:
 * Level 4.1 Fighting
 * Level 4.4 Long Blades
 + Level 2.8 Slings
 + Level 3.4 Armour
 + Level 3.4 Dodging
 + Level 2.4 Stealth


You had 6 spell levels left.
You didn't know any spells.
Your spell library was empty.

Dungeon Overview and Level Annotations

Branches:
Dungeon (4/15)
 Temple: D:4-7

Altars:
Sif Muna

Annotations:
D:2 RF !
D:3 2 transporters ; revenir avec teleport ou plus costaud, TrebMcFLY's ghost, amateur OgTm


Innate Abilities, Weirdness & Mutations

You are small and have problems with some larger weapons.
You are somewhat resistant to further mutation.


Message History

There is a stone staircase leading down here.
You take 4 damage, and have 7/48 hp.
Aim: an iguana (heavily wounded)
The puff of flame hits the iguana.
The iguana bites you but does no damage.
Okay, then.
You completely miss the iguana. The iguana misses you.
You hit the iguana. The iguana barely misses you.
You closely miss the iguana. You block the iguana's attack.
You hit the iguana but do no damage. The iguana misses you.
You completely miss the iguana. The iguana barely misses you.
The iguana bites you.
* * * LOW HITPOINT WARNING * * *
You take 5 damage, and have 3/48 hp.
You hit the iguana but do no damage. You block the iguana's attack.
A red film seems to cover your vision as you go berserk!
You feel yourself moving faster!
You feel mighty!
You are feeling very hungry.
The iguana bites you.
You die...

#######.# #...# #g...#
........# ###.# #.####
##....### #.# #.#
.#.##.###########.## #)#
...##..............#######
#g##
..###.###................#
#..#
..##...#.#.##.#....#####g#
##.# .....#..##.....l..## #l#
#.# ..##...#.#......@.# #g#
#.# ..###.###.........######.#
#.# .......................#g#
#g# .####.###........#####.#.#
#.### .# ##>###...###.##
#.#.####l... .#
#..).....###'### #.#..g......
.#
#....)..##≈≈.≈≈####.##########
.# #.#####.#≈≈≈.≈≈≈#...# )#
#.# #.#≈≈...≈≈#.#.#


You could see an iguana.

Levels and vault maps discovered:
D:1:      psy_arrival_statuary, layout_basic, kennysheep_decorative_pillar,
          minmay_pentomino_r2
D:2:      layout_rooms, lemuel_flame_loot_1, uniq_terence
D:3:      layout_loops_ring, gammafunk_ghost_gnarly_gnolls, st_stairs_11,
          minmay_misc_feat_encased, led_sif_pool
D:4:      layout_layer_cave, vehumet_statue, first_ration,
          nicolae_ru_great_annihilating_truth, uniq_edmund

Notes
Turn   | Place    | Note
-------+----------+-------------------------------------------
     0 | D:1      | lepoulpe303 the Halfling Berserker began the quest for the
                  | Orb.
     0 | D:1      | Reached XP level 1. HP: 15/15 MP: 1/1
    14 | D:1      | Identified a +0 dagger
   102 | D:1      | Identified a +0 cloak (You found it on level 1 of the
                  | Dungeon)
   132 | D:1      | Identified a +0 club
   135 | D:1      | Reached XP level 2. HP: 19/20 MP: 2/2
   296 | D:1      | Identified a cursed +0 dagger
   324 | D:1      | Identified a +0 ring mail (You found it on level 1 of the
                  | Dungeon)
   827 | D:1      | Identified a +0 hunting sling (You found it on level 1 of
                  | the Dungeon)
   828 | D:1      | Identified a +0 falchion
   839 | D:2      | Reached skill level 3 in Fighting
   898 | D:2      | Reached XP level 3. HP: 26/26 MP: 3/3
   911 | D:2      | Identified a +0 flail
   911 | D:2      | Identified a +0 leather armour
   940 | D:2      | Identified a +0 buckler (You found it on level 2 of the
                  | Dungeon)
  1179 | D:2      | Identified a +0 dagger
  1187 | D:2      | Reached skill level 1 in Stealth
  1194 | D:2      | Reached XP level 4. HP: 28/31 MP: 4/4
  1280 | D:2      | Identified a +0 short sword
  1280 | D:2      | Identified a +0 scale mail
  1280 | D:2      | Noticed Terence
  1341 | D:2      | Killed Terence
  1341 | D:2      | Reached skill level 1 in Slings
  1608 | D:2      | Reached ** piety under Trog
  1711 | D:2      | Identified 2 scrolls of identify
  1711 | D:2      | Identified an amulet of magic regeneration (You found it on
                  | level 1 of the Dungeon)
  1712 | D:2      | Identified an amulet of the acrobat (You found it on level
                  | 1 of the Dungeon)
  1714 | D:2      | Identified a ring of positive energy (You found it on level
                  | 2 of the Dungeon)
  1899 | D:3      | Identified a cursed -1 club
  1980 | D:3      | Reached XP level 5. HP: 32/36 MP: 5/5
  2003 | D:3      | Found a shimmering blue altar of Sif Muna.
  2031 | D:3      | Identified the +3 spear of Ucir {venom, MP+9}
  2031 | D:3      | Identified the +0 ring mail of the Dwarven Hall {-Cast
                  | +Blink Dex+2}
  2031 | D:3      | Identified a +2 buckler
  2067 | D:3      | Identified a +0 spear
  2068 | D:3      | Identified a +0 spear
  2068 | D:3      | Identified a +0 scale mail
  2068 | D:3      | Identified a +0 club
  2087 | D:3      | Identified a +0 halberd
  2097 | D:3      | HP: 5/36 [gnoll sergeant/+0 spear (12)]
  2106 | D:3      | Identified a +0 club
  2258 | D:3      | Identified a +0 flail
  2258 | D:3      | Identified a +0 ring mail
  2400 | D:3      | Found a transporter.
  2403 | D:3      | Identified a +0 spear
  2403 | D:3      | Identified an uncursed ring of protection from magic
  2405 | D:3      | Identified a +0 flail
  2407 | D:3      | Identified a +0 flail
  2410 | D:3      | Identified a +2 spear of venom
  2413 | D:3      | Found a transporter.
  2413 | D:3      | Noticed TrebMcFLY's ghost (amateur OgTm)
  2446 | D:3      | Identified a +0 hand axe
  2446 | D:3      | Identified a cursed +0 ring mail
  2487 | D:3      | Reached skill level 4 in Long Blades
  2487 | D:3      | Reached skill level 2 in Slings
  2487 | D:3      | Reached skill level 3 in Armour
  2487 | D:3      | Reached skill level 3 in Dodging
  2487 | D:3      | Reached XP level 6. HP: 43/43 MP: 6/6
  2501 | D:3      | Reached skill level 2 in Stealth
  3162 | D:4      | Identified a +1 dire flail of holy wrath
  3162 | D:4      | Identified a +0 scale mail
  3162 | D:4      | Noticed Edmund
  3167 | D:4      | Identified a +0 short sword
  3167 | D:4      | Identified a +0 chain mail
  3167 | D:4      | Identified a +0 dagger
  3167 | D:4      | Identified a +0 robe
  3167 | D:4      | Identified a +0 hand axe
  3168 | D:4      | Identified a +2 dagger of freezing
  3168 | D:4      | Identified a +0 robe
  3169 | D:4      | Identified a +0 dagger
  3185 | D:3      | HP: 13/64 [Edmund/+1 dire flail of holy wrath (9)]
  3187 | D:3      | HP: 2/64 [Edmund/puff of flame (11)]
  3189 | D:3      | Killed Edmund
  3189 | D:3      | Reached skill level 4 in Fighting
  3486 | D:4      | Reached XP level 7. HP: 48/48 MP: 7/7
  3496 | D:4      | HP: 11/48 [iguana (7)]
  3504 | D:3      | HP: 3/48 [iguana (6)]
  3506 | D:3      | Slain by an iguana

Table legend:
 A = Turns spent in this place as a percentage of turns spent in the entire game.
 B = Non-inter-level travel turns spent in this place as a percentage of non-inter-level travel turns spent in the entire game.
 C = Inter-level travel turns spent in this place as a percentage of turns spent in this place.
 D = Turns resting spent in this place as a percentage of non-inter-level travel turns spent in this place.
 E = Turns spent auto-exploring this place as a percentage of non-inter-level travel turns spent in this place.
 F = Non-inter-level travel turns spent in this place divided by the number of levels of this place that you've seen.
                   A       B       C       D       E      F
               +-------+-------+-------+-------+-------+----------------------
         Total | 100.0 | 100.0 |   7.7 |  24.1 |  56.9 | 809.2
       Dungeon | 100.0 | 100.0 |   7.7 |  24.1 |  56.9 | 809.2
               +-------+-------+-------+-------+-------+----------------------

Table legend:
 A = Kills in this place as a percentage of kills in entire the game.
 B = Kills by you in this place as a percentage of kills by you in the entire game.
 C = Kills by friends in this place as a percentage of kills by friends in the entire game.
 D = Other kills in this place as a percentage of other kills in the entire game.
 E = Experience gained in this place as a percentage of experience gained in the entire game.
 F = Experience gained in this place divided by the number of levels of this place that you have seen.
                   A       B       C       D       E      F
               +-------+-------+-------+-------+-------+----------------------
         Total | 100.0 | 100.0 | 100.0 |   N/A | 100.0 | 140.0
       Dungeon | 100.0 | 100.0 | 100.0 |   N/A | 100.0 | 140.0
               +-------+-------+-------+-------+-------+----------------------

Skill      XL: |  1  2  3  4  5  6 |
---------------+-------------------+-----
Fighting       | 3 4 |  4.1
Stealth        | 1 2 |  2.4
Slings         | 1 2 |  2.8
Long Blades    | 4 |  4.4
Armour         | 3 |  3.4
Dodging        | 3 |  3.4

Action                   |  1- 3 |  4- 6 |  7- 9 || total
-------------------------+-------+-------+-------++-------
Melee: Falchion          |    54 |    96 |    16 ||   166
 Fire: Hunting sling     |    29 |    77 |       ||   106
Throw: Stone             |    15 |       |       ||    15
       Dart              |       |     1 |       ||     1
Invok: Berserk           |       |     4 |     1 ||     5
       Trog's Hand       |       |     1 |       ||     1
Evoke: Wand              |       |       |     1 ||     1
  Use: Scroll            |       |     2 |       ||     2
  Eat: Chunk             |     1 |    11 |       ||    12
Armor: Animal skin       |     5 |       |       ||     5
       Ring mail         |    17 |     7 |       ||    24
       Scale mail        |       |    36 |     1 ||    37
Dodge: Dodged            |    39 |   101 |    10 ||   150
Block: Buckler           |     7 |    32 |     2 ||    41
       Rpst.: Falchion   |    11 |    17 |     1 ||    29

Vanquished Creatures
  Edmund (D:3)
  A gnoll sergeant (D:3)
  A scorpion (D:4)
  A hound (D:3)
  Terence (D:2)
  4 gnolls (D:3)
  An adder (D:2)
  2 oozes
  A worm (D:2)
  2 dart slugs
  2 leopard geckos
  4 orcs
  2 ball pythons
  2 giant cockroaches
  3 goblins
  4 hobgoblins
  3 kobolds
  A quokka (D:3)
  8 bats
  3 frilled lizards
  4 rats
51 creatures vanquished.

Vanquished Creatures (collateral kills)
  An orc (D:4)
1 creature vanquished.

Vanquished Creatures (others)
  A dart slug (D:2)
  A goblin (D:2)
  A rat (D:2)
  6 plants (D:3)
9 creatures vanquished.

Grand Total: 61 creatures vanquished
